 Dungeon Crawl Stone Soup version 0.23-a0-494-g91793a9 (webtiles) character file.

359 Leeroy the Charmwright (level 6, -1/45 HPs)
             Began as a Gnoll Skald on Dec 4, 2018.
             Slain by a killer bee (7 damage)
             ... on level 4 of the Dungeon.
             The game lasted 00:17:26 (2805 turns).

Leeroy the Charmwright (Gnoll Skald)                Turns: 2805, Time: 00:17:26

Health: -1/45      AC:  4    Str: 12 (15) XL:     6   Next: 65%
Magic:  8/14       EV: 14    Int: 14 (15) God:
Gold:   128        SH:  0    Dex: 12 (15) Spells: 4/15 levels left

rFire    . . .     SeeInvis .   a - +0 falchion
rCold    . . .     Gourm    .   (no shield)
rNeg     . . .     Faith    .   b - +0 leather armour
rPois    .         Spirit   .   (no helmet)
rElec    .         Reflect  .   (no cloak)
rCorr    .         Harm     .   G - +0 pair of gloves
MR       .....     Clarity  +   (no boots)
Stlth    +++.......             (no amulet)
HPRegen  1.15/turn              (no ring)
MPRegen  0.14/turn              (no ring)

@: lethally poisoned (-1 -> -1), regenerating
A: distributed training, fangs 1, camouflage 1, clarity, frail 1, sense
surroundings 1, strong nose
a: no special abilities


You were on level 4 of the Dungeon.
You were not hungry.

You visited 1 branch of the dungeon, and saw 4 of its levels.

You collected 128 gold pieces.

Inventory:

Hand Weapons
 a - a +0 falchion (weapon)
 c - a +0 hand axe
 e - a +0 dagger
 j - a +0 falchion
 m - a +0 dagger
 C - a +0 spear
Missiles
 f - 4 tomahawks (quivered)
 q - 16 stones
 v - 16 poisoned needles
 z - 21 sling bullets
 I - 14 bolts
Armour
 b - a +0 leather armour (worn)
 g - a +0 chain mail
 s - a +0 chain mail
 t - a +0 naga barding
 A - a +2 scale mail of cold resistance
 G - a +0 pair of gloves (worn)
 J - a +0 leather armour
Jewellery
 p - a cursed -2 ring of slaying {unknown}
 w - an uncursed ring of fire {unknown}
 F - an uncursed ring of ice {unknown}
Wands
 r - a wand of polymorph (8)
Scrolls
 h - 2 scrolls of noise {unknown}
 l - a scroll of remove curse {unknown}
 n - a scroll of blinking {unknown}
 o - a scroll of magic mapping {unknown}
 u - 2 scrolls of teleportation {unknown}
 y - a scroll of enchant armour {unknown}
 B - 2 scrolls of immolation {unknown}
 D - a scroll of identify {unknown}
 K - a scroll of amnesia {unknown}
Potions
 k - a potion of brilliance
 x - 2 potions of lignification
 H - a potion of mutation
Comestibles
 d - 13 rations


   Skills:
 + Level 5.0 Fighting
 + Level 2.0 Short Blades
 + Level 5.0 Long Blades
 + Level 2.0 Axes
 + Level 2.0 Maces & Flails
 + Level 2.0 Polearms
 + Level 2.0 Staves
 + Level 2.0 Slings
 + Level 2.0 Bows
 + Level 2.0 Crossbows
 + Level 2.0 Throwing
 + Level 3.3 Armour
 + Level 5.0 Dodging
 + Level 2.0 Stealth
 + Level 2.0 Shields
 + Level 2.0 Unarmed Combat
 + Level 5.4 Spellcasting
 + Level 1.6 Conjurations
 + Level 1.6 Hexes
 + Level 5.7 Charms
 + Level 1.6 Summonings
 + Level 1.6 Necromancy
 + Level 1.6 Translocations
 + Level 1.6 Transmutations
 + Level 1.6 Fire Magic
 + Level 1.6 Ice Magic
 + Level 1.6 Air Magic
 + Level 1.6 Earth Magic
 + Level 1.6 Poison Magic
 + Level 2.2 Invocations
 + Level 2.0 Evocations


You had 4 spell levels left.
You knew the following spells:

 Your Spells              Type           Power        Failure   Level  Hunger
a - Infusion              Chrm           ###.         1%          1    None
b - Song of Slaying       Chrm           ###.....     3%          2    ##.....
c - Shroud of Golubria    Chrm/Tloc      ##........   7%          2    ##.....
d - Regeneration          Chrm/Necr      ##........   14%         3    ###....
e - Spectral Weapon       Hex/Chrm       ##......     14%         3    ###....

Your spell library contained the following spells:

 Spells                   Type           Power        Failure   Level  Hunger


Dungeon Overview and Level Annotations

Branches:
Dungeon (4/15)
 Temple: D:4-7

Altars:


Innate Abilities, Weirdness & Mutations

Your experience applies equally to all skills.
You have very sharp teeth.
Your uncanny sense of smell can sniff out nearby items.
Your skin changes colour to match your surroundings (Stealth+).
You possess an exceptional clarity of mind.
You are frail. (-10% HP)
You passively map a small area around you.


Message History

You feel sick.
The killer bee stings you but does no damage.
The killer bee misses you.
Unknown command.
You barely miss the killer bee. Your bite misses the killer bee.
The killer bee is moderately wounded.
* * * LOW HITPOINT WARNING * * *
You feel sick. The killer bee closely misses you. x2
You miss the killer bee.
The killer bee is moderately wounded.
* * * LOW HITPOINT WARNING * * *
You feel sick. The killer bee barely misses you.
You riposte.
You barely miss the killer bee.
The killer bee is moderately wounded.
The killer bee closely misses you.
You riposte.
You miss the killer bee.
The killer bee is moderately wounded.
Casting: Song of Slaying (safe; 3% risk of failure)
Confirm with . or Enter, or press ? or * to list all spells.
Your skin crawls.
You feel sick. The killer bee stings you!
You die...

,.....................#.#
,
........................
....................... ,
#.................#.#
##................# #
,.###...........>.....#
...............##....##
......##.#....####..##
##..###@#....# #....# *
#...yy#...##.####.##
#...ly##.....# ###
.....).y.#...... , ,
..##...........## , .
#............# ,
.............##
...#...#.....## ..###..
>....#


You could see 4 killer bees and a leopard gecko.

Vanquished Creatures
  A killer bee (D:4)
  2 orc priests (D:3)
  Terence (D:2)
  Natasha (thrice) (D:3)
  3 gnolls (D:2)
  A howler monkey skeleton (D:4)
  3 adders (D:3)
  An ooze (D:1)
  An adder zombie (D:2)
  A dart slug (D:1)
  A leopard gecko (D:2)
  7 orcs (D:3)
  3 ball pythons
  2 giant cockroaches
  9 goblins
  3 hobgoblins
  9 jackals
  A quokka (D:2)
  12 bats
  6 frilled lizards
  5 kobolds
  6 rats
81 creatures vanquished.

Vanquished Creatures (others)
  3 spectral weapons
3 creatures vanquished.

Grand Total: 84 creatures vanquished

Notes
Turn   | Place    | Note
-------+----------+-------------------------------------------
     0 | D:1      | Leeroy the Gnoll Skald began the quest for the Orb.
     0 | D:1      | Reached XP level 1. HP: 20/20 MP: 6/6
   147 | D:1      | Reached XP level 2. HP: 26/26 MP: 3/7
   161 | D:1      | Learned a level 2 spell: Song of Slaying
   164 | D:1      | Learned a level 2 spell: Shroud of Golubria
   428 | D:1      | Reached XP level 3. HP: 30/31 MP: 9/9
   486 | D:1      | Reached skill level 5 in Spellcasting
   904 | D:2      | Reached skill level 1 in Invocations
   984 | D:2      | Noticed Terence
  1121 | D:3      | Reached skill level 1 in Short Blades
  1121 | D:3      | Reached skill level 1 in Axes
  1121 | D:3      | Reached skill level 1 in Maces & Flails
  1121 | D:3      | Reached skill level 1 in Polearms
  1121 | D:3      | Reached skill level 1 in Staves
  1121 | D:3      | Reached skill level 1 in Slings
  1121 | D:3      | Reached skill level 1 in Bows
  1121 | D:3      | Reached skill level 1 in Crossbows
  1121 | D:3      | Reached skill level 1 in Throwing
  1121 | D:3      | Reached skill level 1 in Stealth
  1121 | D:3      | Reached skill level 1 in Shields
  1121 | D:3      | Reached skill level 1 in Unarmed Combat
  1121 | D:3      | Reached skill level 1 in Evocations
  1121 | D:3      | Reached XP level 4. HP: 18/38 MP: 11/11
  1151 | D:3      | Learned a level 3 spell: Regeneration
  1155 | D:3      | Learned a level 3 spell: Spectral Weapon
  1221 | D:3      | Gained mutation: You are frail. (-10% HP) [potion of
                  | mutation]
  1221 | D:3      | Gained mutation: You passively map a small area around you.
                  | [potion of mutation]
  1221 | D:3      | Gained mutation: Your skin changes colour to match your
                  | surroundings (Stealth+). [potion of mutation]
  1221 | D:3      | Gained mutation: You possess an exceptional clarity of
                  | mind. [potion of mutation]
  1234 | D:3      | Reached skill level 1 in Conjurations
  1234 | D:3      | Reached skill level 1 in Hexes
  1234 | D:3      | Reached skill level 1 in Summonings
  1234 | D:3      | Reached skill level 1 in Necromancy
  1234 | D:3      | Reached skill level 1 in Translocations
  1234 | D:3      | Reached skill level 1 in Transmutations
  1234 | D:3      | Reached skill level 1 in Fire Magic
  1234 | D:3      | Reached skill level 1 in Ice Magic
  1234 | D:3      | Reached skill level 1 in Air Magic
  1234 | D:3      | Reached skill level 1 in Earth Magic
  1234 | D:3      | Reached skill level 1 in Poison Magic
  1240 | D:3      | Reached XP level 5. HP: 18/38 MP: 1/12
  1488 | D:2      | Killed Terence
  2215 | D:3      | Reached XP level 6. HP: 45/45 MP: 13/13
  2221 | D:3      | Noticed Natasha
  2256 | D:3      | Killed Natasha
  2291 | D:3      | Noticed Natasha
  2295 | D:3      | Killed Natasha
  2502 | D:3      | Noticed Natasha
  2571 | D:3      | Killed Natasha
  2772 | D:4      | Reached skill level 5 in Fighting
  2772 | D:4      | Reached skill level 5 in Long Blades
  2772 | D:4      | Reached skill level 5 in Dodging
  2805 | D:4      | Slain by a killer bee

Vault maps used:
D:1:      dpeg_arrival_renting, minmay_door_square
D:2:      first_ration, uniq_crazy_yiuf_cottage, uniq_terence
D:3:      kennysheep_generic_room_6, uniq_natasha
D:4:      kennysheep_little_box

Skill      XL: |  1  2  3  4  5  6 |
---------------+-------------------+-----
Spellcasting   | 5 |  5.4
Invocations    | 1 2 |  2.2
Short Blades   | 1 2 |  2.0
Axes           | 1 2 |  2.0
Maces & Flails | 1 2 |  2.0
Polearms       | 1 2 |  2.0
Staves         | 1 2 |  2.0
Slings         | 1 2 |  2.0
Bows           | 1 2 |  2.0
Crossbows      | 1 2 |  2.0
Throwing       | 1 2 |  2.0
Stealth        | 1 2 |  2.0
Shields        | 1 2 |  2.0
Unarmed Combat | 1 2 |  2.0
Evocations     | 1 2 |  2.0
Conjurations   | 1 |  1.6
Hexes          | 1 |  1.6
Summonings     | 1 |  1.6
Necromancy     | 1 |  1.6
Translocations | 1 |  1.6
Transmutations | 1 |  1.6
Fire Magic     | 1 |  1.6
Ice Magic      | 1 |  1.6
Air Magic      | 1 |  1.6
Earth Magic    | 1 |  1.6
Poison Magic   | 1 |  1.6
Armour         | 3 |  3.3
Fighting       | 5 |  5.0
Long Blades    | 5 |  5.0
Dodging        | 5 |  5.0
Charms         | |  5.7

Action                   |  1- 3 |  4- 6 || total
-------------------------+-------+-------++-------
Melee: Falchion          |    77 |   149 ||   226
       Bite              |     4 |    19 ||    23
       Punch             |       |     4 ||     4
       Dagger            |       |     1 ||     1
Throw: Tomahawk          |       |     6 ||     6
       Stone             |       |     2 ||     2
 Cast: Infusion          |     4 |       ||     4
       Shroud of Golubri |     1 |     3 ||     4
       Regeneration      |       |     8 ||     8
       Spectral Weapon   |       |     7 ||     7
       Song of Slaying   |       |     2 ||     2
  Use: Potion            |       |    11 ||    11
 Stab: Sleeping          |     1 |     3 ||     4
  Eat: Chunk             |       |     8 ||     8
Armor: Leather armour    |    21 |    23 ||    44
       Skin              |       |    78 ||    78
Dodge: Dodged            |    96 |   150 ||   246
       Rpst.: Falchion   |    37 |    44 ||    81

Table legend:
 A = Non-vault XP
 B = Vault XP
 C = Vault XP percentage of total XP
 D = Non-vault monster count
 E = Vault monster count
 F = Vault count percentage of total count
                 A         B        C        D         E       F
            +---------+---------+-------+---------+---------+-------
      Total |     439 |      74 |  14.4 |      78 |       3 |   3.7
            +---------+---------+-------+---------+---------+-------
        D:1 |      50 |       0 |   0.0 |      30 |       0 |   0.0
        D:2 |      72 |      38 |  34.5 |      18 |       1 |   5.3
        D:3 |     242 |      36 |  12.9 |      28 |       2 |   6.7
        D:4 |      75 |       0 |   0.0 |       2 |       0 |   0.0
            +---------+---------+-------+---------+---------+-------
